[Event "23rd Hogeschool Zeeland Open 2019"]
[Site "Vlissingen"]
[Date "2019.08.08"]
[Round "7.12"]
[White "Wunnink, Michael"]
[Black "Mityaev, Alexandr"]
[Result "1-0"]
[ECO "D13"]
[WhiteElo "2214"]
[BlackElo "2087"]
[Annotator "ChessBase"]
[PlyCount "65"]
[EventDate "2019.08.03"]
[EventType "swiss"]
[EventCountry "NED"]
[SourceTitle "playchess.com"]
[Source "ChessBase"]
[SourceQuality "1"]
[TimeControl "40/5400+30:1800+30"]

1. d4 d5 2. c4 c6 3. Nc3 Nf6 4. cxd5 cxd5 5. Bf4 Nc6 6. e3 a6 7. Be2 Bf5 8. Nf3 e6 9. Qb3 Bb4 10. O-O Qe7 11. Rfc1 O-O 12. Na4 Na5 13. Qd1 Nd7 14. Ne5 Nxe5 15. Bxe5 Rac8 16. a3 Bd6 17. Bxd6 Qxd6 18. Nc5 Rc7 19. Qa4 Qb6 20. b4 Nc6 21. Qd1 a5 22. Na4 Qa7 23. b5 Nxd4 24. Rxc7 Qb8 25. b6 Nc6 26. Nc5 Rc8 27. Rxc8+ Qxc8 28. Rc1 h5 29. Bb5 Ne5 30. Nd7 Qxd7 31. Bxd7 Nxd7 32. Rc8+ Kh7 33. Qxh5# 1-0

[Event "23rd Hogeschool Zeeland Open 2019"]
[Site "Vlissingen"]
[Date "2019.08.08"]
[Round "7.16"]
[White "Bezemer, Arno"]
[Black "Berghuis, Marten"]
[Result "1-0"]
[ECO "A69"]
[WhiteElo "2245"]
[BlackElo "2031"]
[Annotator "ChessBase"]
[PlyCount "63"]
[EventDate "2019.08.03"]
[EventType "swiss"]
[EventCountry "NED"]
[SourceTitle "playchess.com"]
[Source "ChessBase"]
[SourceQuality "1"]
[TimeControl "40/5400+30:1800+30"]

1. c4 Nf6 2. Nc3 g6 3. e4 d6 4. d4 Bg7 5. f4 O-O 6. Nf3 c5 7. d5 e6 8. Be2 exd5 9. cxd5 Re8 10. e5 dxe5 11. fxe5 Ng4 12. e6 fxe6 13. d6 Bd7 14. Ng5 Ne5 15. O-O h6 16. Nge4 c4 17. Be3 Kh7 18. Qd2 Nbc6 19. Rf4 Rf8 20. Rxf8 Qxf8 21. Nc5 Qc8 22. Rf1 b6 23. Nxd7 Qxd7 24. Ne4 Qd8 25. Qe1 Rb8 26. Qg3 Rb7 27. Qh3 b5 28. Ng5+ Kg8 29. Qxe6+ Kh8 30. Ne4 Rd7 31. Qh3 Kh7 32. Ng5+ 1-0

[Event "23rd Hogeschool Zeeland Open 2019"]
[Site "Vlissingen"]
[Date "2019.08.09"]
[Round "8.4"]
[White "De Jong, Migchiel"]
[Black "Ikonnikov, Vyacheslav"]
[Result "1/2-1/2"]
[ECO "E16"]
[WhiteElo "2345"]
[BlackElo "2499"]
[Annotator "ChessBase"]
[PlyCount "49"]
[EventDate "2019.08.03"]
[EventType "swiss"]
[EventCountry "NED"]
[SourceTitle "playchess.com"]
[Source "ChessBase"]
[SourceQuality "1"]
[TimeControl "40/5400+30:1800+30"]

1. Nf3 Nf6 2. c4 e6 3. g3 b6 4. Bg2 Bb7 5. d4 Bb4+ 6. Bd2 a5 7. O-O O-O 8. Nc3 d6 9. b3 Nbd7 10. a3 Bxc3 11. Bxc3 Qb8 12. Re1 Re8 13. Qc2 Be4 14. Qb2 b5 15. cxb5 Qxb5 16. a4 Qb7 17. Qd2 Qa7 18. Rec1 Reb8 19. Qd1 Nd5 20. Ne5 Bxg2 21. Nxd7 Rd8 22. Kxg2 Rxd7 23. e4 Ne7 24. d5 e5 25. f4 1/2-1/2

[Event "23rd Hogeschool Zeeland Open 2019"]
[Site "Vlissingen"]
[Date "2019.08.09"]
[Round "8.5"]
[White "Harika, Dronavalli"]
[Black "Wunnink, Michael"]
[Result "1/2-1/2"]
[ECO "D31"]
[WhiteElo "2492"]
[BlackElo "2214"]
[Annotator "ChessBase"]
[PlyCount "39"]
[EventDate "2019.08.03"]
[EventType "swiss"]
[EventCountry "NED"]
[SourceTitle "playchess.com"]
[Source "ChessBase"]
[SourceQuality "1"]
[TimeControl "40/5400+30:1800+30"]

1. c4 e6 2. Nc3 d5 3. d4 Be7 4. cxd5 exd5 5. Bf4 c6 6. e3 Bd6 7. Bg3 Ne7 8. Bd3 Bf5 9. Nf3 Bxd3 10. Qxd3 Nc8 11. O-O-O O-O 12. e4 Na6 13. a3 Nb6 14. Bxd6 Qxd6 15. e5 Qh6+ 16. Qd2 Qg6 17. Qc2 Qh6+ 18. Qd2 Qg6 19. Qc2 Qh6+ 20. Qd2 1/2-1/2

[Event "23rd Hogeschool Zeeland Open 2019"]
[Site "Vlissingen"]
[Date "2019.08.09"]
[Round "8.8"]
[White "Stillger, Bernhard"]
[Black "Leenhouts, Koen"]
[Result "1-0"]
[ECO "E08"]
[WhiteElo "2199"]
[BlackElo "2426"]
[Annotator "RC"]
[PlyCount "144"]
[EventDate "2019.08.03"]
[EventType "swiss"]
[EventCountry "NED"]
[SourceTitle "playchess.com"]
[Source "ChessBase"]
[SourceQuality "1"]
[TimeControl "40/5400+30:1800+30"]

1. Nf3 Nf6 2. c4 e6 3. g3 d5 4. Bg2 Be7 5. O-O O-O 6. b3 Nbd7 7. d4 c6 8. Qc2 b6 9. Rd1 Bb7 10. Nc3 Rc8 11. e4 c5 12. exd5 exd5 13. Bb2 dxc4 14. d5 cxb3 15. axb3 Ne8 16. Nb5 a6 17. Na7 Nd6 18. Nxc8 Bxc8 19. Ne5 Nxe5 20. Bxe5 Bf6 21. Qb2 Bxe5 22. Qxe5 Re8 23. Qf4 Nb5 24. Re1 Rf8 25. b4 g5 26. Qc4 Nd6 27. Qb3 cxb4 28. Qxb4 a5 29. Qd4 Bd7 30. Qe5 Nc4 31. Qd4 Nd6 32. Bf1 b5 33. Qc5 Be8 34. Bd3 Qf6 35. Qe3 a4 36. Qc5 Bd7 37. Qc7 Bh3 38. Qb6 Kg7 39. Bf1 Bxf1 40. Kxf1 Rc8 41. Ra2 h5 42. Qe3 Rc3 43. Qe5 Rd3 44. Qe2 Rf3 45. Kg2 g4 46. Qe5 Rd3 47. Kg1 Qxe5 48. Rxe5 a3 49. Rxh5 f5 50. Rg5+ Kf7 51. Rh5 b4 52. Rh7+ Kf6 53. Re2 Ne4 54. Ra7 Rxd5 55. Kg2 Rd3 56. h3 gxh3+ 57. Kxh3 Rb3 58. Rc2 Rc3 59. Re2 Rc6 60. Rb7 Nc3 61. Re8 a2 62. Ra8 Rc4 63. f4 Ke6 64. Ra5 Kd6 65. Kh4 Kc6 66. Rb8 Rd4 67. Kh5 b3 68. Rxb3 Na4 69. Ra3 Nb6 70. Rxa2 Rd3 71. Rc2+ Kb7 72. Rb2 Kc6 1-0

[Event "23rd Hogeschool Zeeland Open 2019"]
[Site "Vlissingen"]
[Date "2019.08.09"]
[Round "8.9"]
[White "Grochal, Joey"]
[Black "Zevenhuizen, Daniel"]
[Result "1-0"]
[ECO "D96"]
[WhiteElo "2313"]
[BlackElo "2152"]
[Annotator "ChessBase"]
[PlyCount "67"]
[EventDate "2019.08.03"]
[EventType "swiss"]
[EventCountry "NED"]
[SourceTitle "playchess.com"]
[Source "ChessBase"]
[SourceQuality "1"]
[TimeControl "40/5400+30:1800+30"]

1. d4 g6 2. c4 Bg7 3. Nf3 c6 4. Nc3 d5 5. cxd5 cxd5 6. Bf4 Nf6 7. e3 O-O 8. Qb3 Nc6 9. Rc1 Na5 10. Qb4 Nc6 11. Qb3 Na5 12. Qa3 Bf5 13. h3 Rc8 14. Nd2 Ne4 15. Ndxe4 Bxe4 16. b3 Bf5 17. Be2 f6 18. O-O e5 19. Bg3 exd4 20. exd4 Bh6 21. f4 Kh8 22. Bf3 Be4 23. Bxe4 dxe4 24. d5 Qb6+ 25. Kh2 Qe3 26. Qxa5 b6 27. Qb4 a5 28. Qxe4 Rxc3 29. Qxe3 Rxe3 30. Rfd1 g5 31. f5 Re2 32. d6 g4 33. Rc4 gxh3 34. d7 1-0

[Event "23rd Hogeschool Zeeland Open 2019"]
[Site "Vlissingen"]
[Date "2019.08.09"]
[Round "8.10"]
[White "Mijnster, Niels"]
[Black "Grooten, Herman"]
[Result "1/2-1/2"]
[ECO "E21"]
[WhiteElo "2089"]
[BlackElo "2310"]
[Annotator "ChessBase"]
[PlyCount "126"]
[EventDate "2019.08.03"]
[EventType "swiss"]
[EventCountry "NED"]
[SourceTitle "playchess.com"]
[Source "ChessBase"]
[SourceQuality "1"]
[TimeControl "40/5400+30:1800+30"]

1. d4 Nf6 2. c4 e6 3. Nf3 b6 4. Nc3 Bb4 5. g3 Bxc3+ 6. bxc3 Bb7 7. Bg2 d6 8. Ba3 c5 9. O-O Nc6 10. Nd2 Qd7 11. Nb3 Ne7 12. Qd3 Bxg2 13. Kxg2 Rc8 14. dxc5 dxc5 15. Qxd7+ Nxd7 16. f4 Nf5 17. Kf3 Nd6 18. Nd2 f5 19. e4 fxe4+ 20. Nxe4 Nxc4 21. Bc1 h6 22. Nd2 Nxd2+ 23. Bxd2 Rd8 24. Be3 Nf6 25. c4 Kd7 26. a4 a5 27. Rad1+ Kc7 28. Bc1 Nd7 29. Bb2 Rhg8 30. Rfe1 Rde8 31. g4 g5 32. fxg5 hxg5 33. Be5+ Kd8 34. Kg3 Rg6 35. Re4 Ke7 36. Bd6+ Kf7 37. Bc7 Re7 38. Re3 Ke8 39. Rd6 Rf6 40. Re4 e5 41. Rxf6 Nxf6 42. Rxe5 Ne4+ 43. Kg2 Rxe5 44. Bxe5 Nd2 45. Bf6 Nxc4 46. Bxg5 Nb2 47. h4 Nxa4 48. h5 Nc3 49. Kf3 Kf7 50. Bd8 a4 51. g5 a3 52. g6+ Kg7 53. Bc7 Nd5 54. Be5+ Kh6 55. Ke4 Ne7 56. Kd3 b5 57. Kc2 Nf5 58. Kb3 b4 59. Bf6 Ng3 60. Be7 Ne4 61. Bf8+ Kxh5 62. g7 c4+ 63. Kxb4 Nf6 1/2-1/2

[Event "23rd Hogeschool Zeeland Open 2019"]
[Site "Vlissingen"]
[Date "2019.08.09"]
[Round "8.11"]
[White "Stange, Sven"]
[Black "Klepke, Ricardo"]
[Result "0-1"]
[ECO "A80"]
[WhiteElo "2167"]
[BlackElo "2267"]
[Annotator "ChessBase"]
[PlyCount "110"]
[EventDate "2019.08.03"]
[EventType "swiss"]
[EventCountry "NED"]
[SourceTitle "playchess.com"]
[Source "ChessBase"]
[SourceQuality "1"]
[TimeControl "40/5400+30:1800+30"]

1. d4 f5 2. Nc3 Nf6 3. Bg5 d5 4. Bxf6 exf6 5. e3 Be6 6. Bd3 Qd7 7. Qf3 Nc6 8. Nge2 O-O-O 9. Nf4 Bf7 10. Nfe2 g6 11. h3 h5 12. O-O-O Nb4 13. Kb1 Nxd3 14. Rxd3 h4 15. g3 g5 16. Qg2 Bd6 17. f4 hxg3 18. Qxg3 Rdg8 19. Qf2 Rh7 20. Ng1 Be6 21. Nce2 Qg7 22. Rh2 Qh6 23. Rg2 Qh4 24. Qxh4 Rxh4 25. c3 Bf7 26. Rf2 Kd7 27. Kc1 Ke6 28. Rd1 Bh5 29. Rdf1 Bxe2 30. Rxe2 gxf4 31. exf4+ Kf7 32. Ref2 Bxf4+ 33. Rxf4 Rxf4 34. Rxf4 Rxg1+ 35. Kd2 Kg6 36. Rf2 Rh1 37. Rg2+ Kh5 38. Ke3 Re1+ 39. Kd2 Rb1 40. Kc2 Rh1 41. Rg7 f4 42. Kd3 Rh2 43. Rxc7 Rxb2 44. c4 dxc4+ 45. Rxc4 f3 46. Ke3 f2 47. Rc1 Kh4 48. d5 Kg3 49. Rd1 Rb5 50. d6 Re5+ 51. Kd4 Rf5 52. Rf1 Kg2 53. d7 Kxf1 54. d8=Q Kg1 55. Qg8+ Rg5 0-1

[Event "23rd Hogeschool Zeeland Open 2019"]
[Site "Vlissingen"]
[Date "2019.08.09"]
[Round "8.13"]
[White "Westerweele, Henrik"]
[Black "Bezemer, Arno"]
[Result "0-1"]
[ECO "B22"]
[WhiteElo "1961"]
[BlackElo "2245"]
[Annotator "NA"]
[PlyCount "50"]
[EventDate "2019.08.03"]
[EventType "swiss"]
[EventCountry "NED"]
[SourceTitle "playchess.com"]
[Source "ChessBase"]
[SourceQuality "1"]
[TimeControl "40/5400+30:1800+30"]

1. e4 c5 2. c3 Nf6 3. e5 Nd5 4. d4 cxd4 5. Nf3 d6 6. exd6 e6 7. cxd4 Bxd6 8. Nc3 Nxc3 9. bxc3 O-O 10. Bd3 Nd7 11. O-O b6 12. Ng5 Nf6 13. Qf3 Rb8 14. Re1 Bb7 15. Qh3 h6 16. Nf3 Re8 17. Ne5 Rc8 18. Bxh6 gxh6 19. Re3 h5 20. Qg3+ Kf8 21. Qf4 Bxe5 22. Qh6+ Ke7 23. dxe5 Ng4 24. Qf4 Nxe3 25. Qxe3 Rg8 0-1

[Event "23rd Hogeschool Zeeland Open 2019"]
[Site "Vlissingen"]
[Date "2019.08.09"]
[Round "8.14"]
[White "Cordes, Hans-Joerg"]
[Black "Merbis, Max"]
[Result "1-0"]
[ECO "D37"]
[WhiteElo "2178"]
[BlackElo "2103"]
[Annotator "NA"]
[PlyCount "51"]
[EventDate "2019.08.03"]
[EventType "swiss"]
[EventCountry "NED"]
[SourceTitle "playchess.com"]
[Source "ChessBase"]
[SourceQuality "1"]
[TimeControl "40/5400+30:1800+30"]

1. d4 d5 2. Nf3 Nf6 3. c4 e6 4. Nc3 Be7 5. Bf4 O-O 6. e3 b6 7. Bd3 dxc4 8. Bxc4 Ba6 9. Qe2 Bxc4 10. Qxc4 c5 11. O-O Nc6 12. Rfd1 Qc8 13. Rac1 Qb7 14. dxc5 bxc5 15. Na4 Rac8 16. b3 Nd5 17. Bg5 Bxg5 18. Nxg5 Na5 19. Nxc5 Nxc4 20. Nxb7 Nb2 21. Nd6 Nc3 22. Nxc8 Nbxd1 23. Ne7+ Kh8 24. Kf1 f6 25. Nxe6 Re8 26. Nd5 1-0

[Event "23rd Hogeschool Zeeland Open 2019"]
[Site "Vlissingen"]
[Date "2019.08.09"]
[Round "8.15"]
[White "Nebolsina, Vera"]
[Black "De Zwart, Johan"]
[Result "1-0"]
[ECO "C81"]
[WhiteElo "2269"]
[BlackElo "1989"]
[Annotator "NA"]
[PlyCount "57"]
[EventDate "2019.08.03"]
[EventType "swiss"]
[EventCountry "NED"]
[SourceTitle "playchess.com"]
[Source "ChessBase"]
[SourceQuality "1"]
[TimeControl "40/5400+30:1800+30"]

1. e4 e5 2. Nf3 Nc6 3. Bb5 a6 4. Ba4 Nf6 5. O-O Nxe4 6. d4 b5 7. Bb3 d5 8. dxe5 Be6 9. Qe2 Bc5 10. Nbd2 Nxd2 11. Bxd2 Qd7 12. a4 Rb8 13. axb5 axb5 14. Rfd1 O-O 15. Be3 Bxe3 16. Qxe3 Rfd8 17. c3 Ne7 18. Ra7 Nc8 19. Ra6 Nb6 20. Nd4 Ra8 21. Rda1 Rxa6 22. Rxa6 Ra8 23. Rxa8+ Nxa8 24. Bc2 c6 25. f4 c5 26. Nxe6 fxe6 27. Qxc5 Kf7 28. Bd3 Nc7 29. Qd6 1-0

[Event "23rd Hogeschool Zeeland Open 2019"]
[Site "Vlissingen"]
[Date "2019.08.09"]
[Round "8.16"]
[White "Zwirs, Jasper"]
[Black "Weber, Dirk"]
[Result "0-1"]
[ECO "C41"]
[WhiteElo "2110"]
[BlackElo "2227"]
[Annotator "ChessBase"]
[PlyCount "100"]
[EventDate "2019.08.03"]
[EventType "swiss"]
[EventCountry "NED"]
[SourceTitle "playchess.com"]
[Source "ChessBase"]
[SourceQuality "1"]
[TimeControl "40/5400+30:1800+30"]

1. e4 e5 2. Nf3 d6 3. d4 Nf6 4. dxe5 Nxe4 5. Qd5 Nc5 6. Bg5 Qd7 7. Nc3 c6 8. Qd2 dxe5 9. Nxe5 Qxd2+ 10. Bxd2 Bd6 11. Nc4 Bc7 12. O-O-O Be6 13. Bg5 f6 14. Be3 Nbd7 15. Nd6+ Ke7 16. Nde4 Nxe4 17. Nxe4 Rhd8 18. Be2 Bb6 19. Bf4 Ne5 20. Bg3 Rd5 21. Nc3 Rxd1+ 22. Rxd1 g5 23. Ne4 h6 24. h4 Bd5 25. f3 Nf7 26. Nc3 Be6 27. Re1 Be3+ 28. Kb1 Bd2 29. Rh1 f5 30. hxg5 hxg5 31. Bf2 b6 32. g3 Rh8 33. Rxh8 Nxh8 34. a4 Ng6 35. Nd1 f4 36. c3 Bf5+ 37. Ka2 Ne5 38. Kb3 c5 39. g4 Bg6 40. c4 Ke6 41. Bg1 Nc6 42. Nc3 Be3 43. Bh2 Ke5 44. Bd1 Bd3 45. Nd5 Bd4 46. Nc7 Na5+ 47. Ka2 Bxc4+ 48. b3 Bd3 49. Nb5 Nc6 50. Nxd4 Kxd4 0-1

[Event "23rd Hogeschool Zeeland Open 2019"]
[Site "Vlissingen"]
[Date "2019.08.10"]
[Round "9.4"]
[White "Klepke, Ricardo"]
[Black "Werle, Jan"]
[Result "1/2-1/2"]
[ECO "A64"]
[WhiteElo "2267"]
[BlackElo "2555"]
[Annotator "ChessBase"]
[PlyCount "107"]
[EventDate "2019.08.03"]
[EventType "swiss"]
[EventCountry "NED"]
[SourceTitle "playchess.com"]
[Source "ChessBase"]
[SourceQuality "1"]
[TimeControl "40/5400+30:1800+30"]

1. d4 Nf6 2. c4 e6 3. g3 c5 4. d5 exd5 5. cxd5 d6 6. Bg2 g6 7. Nf3 Bg7 8. O-O O-O 9. Nfd2 Re8 10. Nc3 Nbd7 11. a4 a6 12. a5 b5 13. axb6 Nxb6 14. e4 c4 15. h3 Nfd7 16. Na4 Ne5 17. Nxb6 Qxb6 18. Kh2 Qb5 19. Qc2 Bd7 20. f4 Nd3 21. Nxc4 Rac8 22. Qxd3 Rxc4 23. Bd2 Rcc8 24. Qxb5 Bxb5 25. Rfe1 Bxb2 26. Ra2 Bd4 27. Bb4 Bc5 28. Bxc5 Rxc5 29. g4 Rxd5 30. Rc1 Rd4 31. Rc7 Kf8 32. h4 Re7 33. Rc8+ Re8 34. Rc7 Re7 35. Rc8+ Kg7 36. g5 h6 37. Kg3 f5 38. exf5 gxf5 39. Rac2 hxg5 40. hxg5 Rd3+ 41. Kf2 Rd4 42. Kg3 a5 43. R2c7 Rxc7 44. Rxc7+ Kg6 45. Bc6 Bxc6 46. Rxc6 Kh5 47. Ra6 a4 48. Kf3 Rb4 49. Rxd6 Rb3+ 50. Kf2 a3 51. Ra6 Kg4 52. g6 Rb2+ 53. Ke3 Rb3+ 54. Kf2 1/2-1/2

[Event "23rd Hogeschool Zeeland Open 2019"]
[Site "Vlissingen"]
[Date "2019.08.10"]
[Round "9.5"]
[White "Ikonnikov, Vyacheslav"]
[Black "Elgersma, Onno"]
[Result "1-0"]
[ECO "E52"]
[WhiteElo "2499"]
[BlackElo "2232"]
[Annotator "ChessBase"]
[PlyCount "71"]
[EventDate "2019.08.03"]
[EventType "swiss"]
[EventCountry "NED"]
[SourceTitle "playchess.com"]
[Source "ChessBase"]
[SourceQuality "1"]
[TimeControl "40/5400+30:1800+30"]

1. d4 Nf6 2. c4 e6 3. Nc3 Bb4 4. Bd2 b6 5. e3 Bb7 6. Nf3 O-O 7. Bd3 d5 8. O-O Bd6 9. cxd5 exd5 10. Nb5 Be7 11. Rc1 c5 12. Ne5 Nc6 13. Nxc6 Bxc6 14. dxc5 bxc5 15. Nd4 cxd4 16. Rxc6 Qd7 17. Qc2 Rac8 18. Rc1 Rxc6 19. Qxc6 Qg4 20. h3 Qh4 21. Qa4 Ne4 22. Bxe4 dxe4 23. exd4 Bg5 24. Qa5 Bxd2 25. Qxd2 Qe7 26. d5 Qd6 27. Rc6 Qd7 28. Qd4 f5 29. Qe5 Rc8 30. Re6 Qf7 31. d6 Kf8 32. Re7 Qg6 33. d7 Rd8 34. Re6 Qf7 35. Qd6+ Kg8 36. Re7 1-0

[Event "23rd Hogeschool Zeeland Open 2019"]
[Site "Vlissingen"]
[Date "2019.08.10"]
[Round "9.7"]
[White "Wunnink, Michael"]
[Black "De Jong, Migchiel"]
[Result "1/2-1/2"]
[ECO "E04"]
[WhiteElo "2214"]
[BlackElo "2345"]
[Annotator "NA"]
[PlyCount "25"]
[EventDate "2019.08.03"]
[EventType "swiss"]
[EventCountry "NED"]
[SourceTitle "playchess.com"]
[Source "ChessBase"]
[SourceQuality "1"]
[TimeControl "40/5400+30:1800+30"]

1. d4 e6 2. c4 Bb4+ 3. Bd2 a5 4. g3 Nf6 5. Bg2 d5 6. Nf3 dxc4 7. Qc2 Bxd2+ 8. Qxd2 c6 9. a4 Ne4 10. Qf4 Nd6 11. Na3 Na6 12. Ne5 Nb4 13. O-O 1/2-1/2

[Event "23rd Hogeschool Zeeland Open 2019"]
[Site "Vlissingen"]
[Date "2019.08.10"]
[Round "9.8"]
[White "Bezemer, Arno"]
[Black "Grochal, Joey"]
[Result "1/2-1/2"]
[ECO "E59"]
[WhiteElo "2245"]
[BlackElo "2313"]
[Annotator "NA"]
[PlyCount "52"]
[EventDate "2019.08.03"]
[EventType "swiss"]
[EventCountry "NED"]
[SourceTitle "playchess.com"]
[Source "ChessBase"]
[SourceQuality "1"]
[TimeControl "40/5400+30:1800+30"]

1. d4 Nf6 2. c4 e6 3. Nc3 Bb4 4. e3 O-O 5. Bd3 c5 6. Nf3 d5 7. O-O Nc6 8. a3 Bxc3 9. bxc3 dxc4 10. Bxc4 Qc7 11. Ba2 Rd8 12. Qe2 h6 13. Bb2 e5 14. h3 Bf5 15. d5 Ne7 16. c4 Ng6 17. Nd2 Ne4 18. Nxe4 Bxe4 19. Rad1 Qd6 20. Qh5 Re8 21. f3 Bc2 22. Rd2 Ba4 23. f4 exf4 24. exf4 Nf8 25. Bb1 f6 26. g4 Re3 1/2-1/2

[Event "23rd Hogeschool Zeeland Open 2019"]
[Site "Vlissingen"]
[Date "2019.08.10"]
[Round "9.10"]
[White "Romanishin, Oleg M"]
[Black "Sparenberg, Erik"]
[Result "1-0"]
[ECO "D30"]
[WhiteElo "2443"]
[BlackElo "2146"]
[Annotator "NA"]
[PlyCount "63"]
[EventDate "2019.08.03"]
[EventType "swiss"]
[EventCountry "NED"]
[SourceTitle "playchess.com"]
[Source "ChessBase"]
[SourceQuality "1"]
[TimeControl "40/5400+30:1800+30"]

1. d4 d5 2. Nf3 Nf6 3. c4 c6 4. e3 e6 5. Bd3 dxc4 6. Bxc4 b5 7. Be2 Nbd7 8. O-O Be7 9. Nbd2 Bb7 10. a4 a6 11. Nb3 O-O 12. Bd2 b4 13. a5 Rc8 14. Qe1 c5 15. dxc5 Bd5 16. Nbd4 Nxc5 17. Bxb4 Nfe4 18. Rc1 Bd6 19. Ba3 Qf6 20. Bxc5 Nxc5 21. b4 Ne4 22. Rxc8 Rxc8 23. Bxa6 Rc3 24. Be2 Bxb4 25. a6 Bd6 26. Nb5 Bb4 27. Nxc3 Nxc3 28. Qd2 Qh6 29. a7 g6 30. Rc1 Nxe2+ 31. Qxe2 Bd6 32. a8=Q+ 1-0

[Event "23rd Hogeschool Zeeland Open 2019"]
[Site "Vlissingen"]
[Date "2019.08.10"]
[Round "9.11"]
[White "Grooten, Herman"]
[Black "Timmermans, Ivo"]
[Result "1-0"]
[ECO "A07"]
[WhiteElo "2310"]
[BlackElo "2168"]
[Annotator "NA"]
[PlyCount "43"]
[EventDate "2019.08.03"]
[EventType "swiss"]
[EventCountry "NED"]
[SourceTitle "playchess.com"]
[Source "ChessBase"]
[SourceQuality "1"]
[TimeControl "40/5400+30:1800+30"]

1. Nf3 d5 2. g3 Bg4 3. Bg2 Nd7 4. O-O c6 5. d3 Ngf6 6. h3 Bxf3 7. Bxf3 e5 8. Nd2 Bd6 9. e4 dxe4 10. dxe4 Qe7 11. a4 Bc5 12. c3 a5 13. Kg2 Qe6 14. Be2 O-O 15. Bc4 Qd6 16. Qe2 Rad8 17. Nf3 Nb6 18. Bb3 g6 19. Bh6 Rfe8 20. Ng5 Re7 21. Rad1 Qc7 22. Qf3 1-0

[Event "23rd Hogeschool Zeeland Open 2019"]
[Site "Vlissingen"]
[Date "2019.08.10"]
[Round "9.12"]
[White "Lacrosse, Marc"]
[Black "Nebolsina, Vera"]
[Result "1/2-1/2"]
[ECO "E73"]
[WhiteElo "2189"]
[BlackElo "2269"]
[Annotator "NA"]
[PlyCount "106"]
[EventDate "2019.08.03"]
[EventType "swiss"]
[EventCountry "NED"]
[SourceTitle "playchess.com"]
[Source "ChessBase"]
[SourceQuality "1"]
[TimeControl "40/5400+30:1800+30"]

1. d4 Nf6 2. c4 g6 3. Nc3 Bg7 4. e4 d6 5. Be2 e5 6. dxe5 dxe5 7. Qxd8+ Kxd8 8. f4 Be6 9. Nf3 Nbd7 10. O-O exf4 11. Bxf4 h6 12. Rad1 Kc8 13. Nd4 a5 14. Ncb5 Ne8 15. Nxe6 fxe6 16. Bg4 Ra6 17. Bxc7 Nxc7 18. Nxc7 Kxc7 19. Rf7 Rd6 20. Rxg7 Rxd1+ 21. Bxd1 Kd6 22. Rxg6 Ne5 23. Rg7 Rc8 24. Be2 b5 25. b3 bxc4 26. Bxc4 Nxc4 27. bxc4 Rxc4 28. Rh7 Rxe4 29. Rxh6 Ra4 30. h4 Rxa2 31. Rh8 Ke7 32. g4 Kf7 33. g5 Kg7 34. Rh6 Re2 35. Rf6 a4 36. Kf1 Re5 37. Kg2 a3 38. Rf1 Re3 39. Ra1 Kg6 40. Kh2 Kh5 41. Kg2 Rb3 42. Kf2 e5 43. Re1 a2 44. Ra1 Ra3 45. Kg2 e4 46. Kg1 Kg6 47. Kg2 Kf5 48. Kf2 Kf4 49. g6 Rg3 50. Kf1 Rxg6 51. Rxa2 e3 52. Ra8 Rf6 53. Ke2 Kg4 1/2-1/2

[Event "23rd Hogeschool Zeeland Open 2019"]
[Site "Vlissingen"]
[Date "2019.08.10"]
[Round "9.13"]
[White "Weber, Dirk"]
[Black "Mijnster, Niels"]
[Result "1/2-1/2"]
[ECO "A30"]
[WhiteElo "2227"]
[BlackElo "2089"]
[Annotator "NA"]
[PlyCount "46"]
[EventDate "2019.08.03"]
[EventType "swiss"]
[EventCountry "NED"]
[SourceTitle "playchess.com"]
[Source "ChessBase"]
[SourceQuality "1"]
[TimeControl "40/5400+30:1800+30"]

1. c4 Nf6 2. Nf3 b6 3. g3 Bb7 4. Bg2 c5 5. O-O g6 6. Nc3 Bg7 7. Re1 d6 8. d4 cxd4 9. Qxd4 O-O 10. Qh4 Re8 11. Bg5 Nbd7 12. Rad1 Rc8 13. b3 Rc5 14. Na4 Ra5 15. e4 h6 16. Bxf6 Nxf6 17. Qf4 Nd7 18. Qd2 Qc7 19. Nd4 a6 20. Nc3 Qc5 21. a4 Qa3 22. Rb1 Qb4 23. Red1 Rc5 1/2-1/2

[Event "23rd Hogeschool Zeeland Open 2019"]
[Site "Vlissingen"]
[Date "2019.08.10"]
[Round "9.14"]
[White "Zevenhuizen, Daniel"]
[Black "Mityaev, Alexandr"]
[Result "0-1"]
[ECO "A11"]
[WhiteElo "2152"]
[BlackElo "2087"]
[Annotator "NA"]
[PlyCount "90"]
[EventDate "2019.08.03"]
[EventType "swiss"]
[EventCountry "NED"]
[SourceTitle "playchess.com"]
[Source "ChessBase"]
[SourceQuality "1"]
[TimeControl "40/5400+30:1800+30"]

1. Nf3 d5 2. c4 c6 3. e3 Nf6 4. Nc3 a6 5. b3 g6 6. Bb2 Bg7 7. Qc2 Bf5 8. Bd3 Bxd3 9. Qxd3 O-O 10. O-O b5 11. cxb5 cxb5 12. Ne5 Qd6 13. f4 Nbd7 14. Nxd7 Nxd7 15. Rab1 e6 16. Ne4 Nc5 17. Nxc5 Qxc5 18. Bxg7 Kxg7 19. Rbc1 Qb4 20. Rc7 Qe4 21. Qc3+ d4 22. exd4 Kg8 23. Qe3 Qd5 24. Rc5 Qd6 25. d5 exd5 26. Qd4 Rad8 27. Re1 f6 28. b4 Rf7 29. Rec1 Qe6 30. Rc6 Qe4 31. Qb6 Re8 32. Rxf6 Qxb4 33. Rxf7 Qxd2 34. Rf1 Kxf7 35. Qxa6 Qd4+ 36. Kh1 Qc4 37. Kg1 Qc5+ 38. Kh1 Kg7 39. h3 d4 40. Rd1 Re7 41. Qa5 Re2 42. Qd8 Re4 43. Qb8 Qd5 44. f5 Qxf5 45. Rxd4 Rxd4 0-1

[Event "23rd Hogeschool Zeeland Open 2019"]
[Site "Vlissingen"]
[Date "2019.08.10"]
[Round "9.15"]
[White "Leenhouts, Koen"]
[Black "Kraemer, Max"]
[Result "1-0"]
[ECO "D36"]
[WhiteElo "2426"]
[BlackElo "2041"]
[Annotator "NA"]
[PlyCount "40"]
[EventDate "2019.08.03"]
[EventType "swiss"]
[EventCountry "NED"]
[SourceTitle "playchess.com"]
[Source "ChessBase"]
[SourceQuality "1"]
[TimeControl "40/5400+30:1800+30"]

1. d4 d5 2. c4 e6 3. Nc3 Nf6 4. cxd5 exd5 5. Bg5 Be7 6. Qc2 c6 7. e3 Nh5 8. Bxe7 Kxe7 9. Nf3 g6 10. Bd3 Re8 11. O-O-O Kf8 12. h3 Be6 13. g4 Ng7 14. Rdg1 Nd7 15. h4 c5 16. h5 c4 17. Be2 gxh5 18. Qxh7 Nf6 19. Qh8+ Ng8 20. gxh5 Bc8 1-0